 Dungeon Crawl Stone Soup version 0.17-a0-968-gf8e1f1d (webtiles) character file.

22 Gorice the Firebug (level 2, -1/17 (20) HPs)
             Began as a Ghoul Fire Elementalist on May 9, 2015.
             Slain by a kobold
             ... wielding a +3 whip
              (5 damage)
             ... on level 1 of the Dungeon.
             The game lasted 00:02:52 (608 turns).

Gorice the Firebug (Ghoul Fire Elementalist)         Turns: 608, Time: 00:02:52

HP:   -1/17 (20)    AC:  2    Str: 11    XL:     2   Next: 91%
MP:   3/3           EV: 12    Int: 10    God:
Gold: 45            SH:  0    Dex:  9    Spells: 1 memorised, 3 levels left

rFire  . . .     SeeInvis .     (no weapon)
rCold  + . .     Clarity  .     a - +0 robe
rNeg   + + +     SustAb   .     (no shield)
rPois  ∞         Gourm    .     (no helmet)
rElec  .         Spirit   .     (no cloak)
rCorr  .         Warding  .     (no gloves)
rMut   .         Stasis   .     (no boots)
MR     .....                    (no amulet)
Stlth  ++........               (no ring)
                                (no ring)

@: rotting, not resistant to hostile enchantments, unstealthy
A: rotting body, claws 1, carnivore 3, cold resistance 1, negative energy
resistance 3, slow healing 1, torment resistance, unbreathing
a: no special abilities


You were on level 1 of the Dungeon.
You were not hungry.

You visited 1 branch of the dungeon, and saw 1 of its levels.

You collected 45 gold pieces.

Inventory:

Missiles
 k - 7 javelins (quivered)
Armour
 a - a +0 robe (worn)
 g - a +0 chain mail
Scrolls
 e - 2 scrolls of teleportation {unknown}
 f - a scroll of identify {unknown}
 h - a scroll of fog {unknown}
 i - a scroll of random uselessness {unknown}
Potions
 j - a potion of ambrosia {unknown}
Books
 b - a book of Flames
Comestibles
 c - a meat ration {!e}
 d - 2 chunks of flesh


   Skills:
 - Level 1.7 Dodging
 - Level 2.1 Stealth
 - Level 1.7 Spellcasting
 * Level 1.5 Conjurations
 * Level 2.9 Fire Magic


You had 3 spell levels left.
You knew the following spells:

 Your Spells              Type           Power        Failure   Level  Hunger
a - Flame Tongue          Conj/Fire      #....        14%         1    ##.....


Dungeon Overview and Level Annotations

Branches:
Dungeon (1/15)

Altars:


Innate Abilities, Weirdness & Mutations

Your body is rotting away.
You thrive on raw meat.
You are immune to poison.
You have sharp fingernails.
You are carnivorous and can eat meat at any time.
Your flesh is cold resistant.
You are immune to negative energy.
You heal slowly when monsters are visible.
You are immune to unholy pain and torment.
You can survive without breathing.


Message History

Found an escape hatch in the floor.
A rat comes into view.
You barely miss the rat. You scratch the rat.
You kill the rat!
Found 7 javelins.
j - a silvery potion You see here 7 javelins.
k - 7 javelins HP restored.
Found a hand axe.
You see here a hand axe.
Some of the chunks of flesh in your inventory have rotted away.
You feel your flesh rotting away.
Found a stone staircase leading down.
Damage: 1 (max 1)
A kobold comes into view. It is wielding an enchanted whip.
The kobold shouts!
The kobold completely misses you.
You scratch the kobold.
The kobold begins to bleed from its wounds!
The kobold is severely wounded.
The kobold hits you with an enchanted whip.
Damage: 2 (max 2)
You barely miss the kobold.
The kobold is severely wounded.
The kobold misses you.
You barely miss the kobold.
The kobold is severely wounded.
The kobold hits you with an enchanted whip.
A rat comes into view.
Damage: 4 (max 4)
You barely miss the kobold.
The kobold is severely wounded.
The kobold barely misses you.
You scratch the kobold but do no damage.
The kobold is severely wounded.
The kobold is no longer bleeding.
You barely miss the kobold.
The kobold is severely wounded.
The kobold hits you with an enchanted whip!
* * * LOW HITPOINT WARNING * * *
Damage: 7 (max 7)
You closely miss the kobold.
The kobold is severely wounded.
The kobold hits you but does no damage.
You miss the kobold.
The kobold is severely wounded.
The kobold hits you with an enchanted whip.
You die...

..........).........#
....####..#.##.#..###
............#........
...............#.#######
###.....................
#...........##.#........
#.###.......##.#.######.
..#.......#.##.#.#######
..#.###...#..#.#@.......
#...#.....#..#.#Kr##....
#.#.#.###.#..#.#..# #.
......#...#....#..#
#.#.#.#...#.#..#...
#.#.#.....#.#..##.#.
#.#.##......##># .#.
#.#.##.#..####.##.# #
#................


You could see a kobold and a rat.

Vanquished Creatures
  2 bats (D:1)
  2 giant cockroaches (D:1)
  5 hobgoblins (D:1)
  3 ball pythons (D:1)
  3 giant newts (D:1)
  A kobold (D:1)
  6 rats (D:1)
22 creatures vanquished.

Notes
Turn   | Place    | Note
--------------------------------------------------------------
     0 | D:1      | Gorice, the Ghoul Fire Elementalist, began the quest for the Orb.
     0 | D:1      | Reached XP level 1. HP: 14/14 MP: 2/2
    14 | D:1      | Reached skill level 1 in Conjurations
    90 | D:1      | Reached XP level 2. HP: 10/20 MP: 3/3
   606 | D:1      | HP: 4/17 [kobold/enchanted whip (7)]
   608 | D:1      | Slain by a kobold

Action                   || total
-------------------------++-------
Melee: Unarmed           ||    75
 Cast: Flame Tongue      ||     3

Table legend:
 A = Turns spent in this place as a percentage of turns spent in the entire game.
 B = Non-inter-level travel turns spent in this place as a percentage of non-inter-level travel turns spent in the entire game.
 C = Inter-level travel turns spent in this place as a percentage of turns spent in this place.
 D = Turns resting spent in this place as a percentage of non-inter-level travel turns spent in this place.
 E = Turns spent auto-exploring this place as a percentage of non-inter-level travel turns spent in this place.
 F = Non-inter-level travel turns spent in this place divided by the number of levels of this place that you've seen.
                   A       B       C       D       E      F
               +-------+-------+-------+-------+-------+----------------------
         Total | 100.0 | 100.0 |   0.0 |   0.0 |   4.9 | 368.0
       Dungeon | 100.0 | 100.0 |   0.0 |   0.0 |   4.9 | 368.0
               +-------+-------+-------+-------+-------+----------------------

Vault maps used:
D:1:      dpeg_arrival_fog, minmay_fountain_box, hangedman_abyss_or_decor_stabs,
          minmay_box_of_dots
